 Dungeon Crawl Stone Soup version 0.28.0-45-g0d030f2227 (webtiles) character file.

Game seed: 2624226895579967536

624 MisterFreud the Ruffian (level 7, -8/59 HPs)
             Began as a Yellow Draconian Transmuter on May 11, 2022.
             Mangled by a two-headed ogre
             ... wielding a +0 giant spiked club
              (20 damage)
             ... on level 5 of the Dungeon.
             The game lasted 00:06:09 (6204 turns).

MisterFreud the Ruffian (DrTm)                      Turns: 6204, Time: 00:06:10

Health: -8/59      AC:  2    Str: 13    XL:     7   Next: 22%
Magic:  5/10       EV: 19    Int: 15    God:
Gold:   177        SH:  0    Dex: 16    Spells: 4/10 levels left

rFire   . . .      SeeInvis .     - Unarmed
rCold   . . .      Faith    .   (shield currently unavailable)
rNeg    . . .      Spirit   .   (armour unavailable)
rPois   x          Reflect  .   (helmet currently unavailable)
rElec   .          Harm     .   (cloak currently unavailable)
rCorr   .          Rampage  .   (gloves currently unavailable)
Will    .....                   (boots currently unavailable)
Stlth   +.........              (no amulet)
HPRegen 0.19/turn               (no ring)
MPRegen 0.12/turn               (no ring)

@: spider-form (expiring), very slightly contaminated
A: venomous fangs, (spit acid), AC +6, tiny, unfitting armour, (cold-blooded),
(acid resistance)
a: End Transformation


You were on level 5 of the Dungeon.
You were a venomous arachnid creature.
You visited 1 branch of the dungeon, and saw 5 of its levels.

You collected 177 gold pieces.

Inventory:

Missiles
 i - 4 poisoned darts
 p - 5 curare-tipped darts
Armour
 a - a +0 cloak (melded)
 l - a +0 pair of boots (melded)
Wands
 j - a wand of flame (7)
 k - a wand of digging (7)
 m - a wand of charming (11)
 q - a wand of paralysis (5)
Scrolls
 c - 2 scrolls of enchant weapon {unknown}
 d - a scroll of blinking {unknown}
 e - a scroll of enchant armour {unknown}
 g - 3 scrolls of fear {unknown}
 h - 2 scrolls of vulnerability {unknown}
 u - a scroll of immolation {unknown}
 v - a scroll of summoning {unknown}
Potions
 b - 2 potions of curing
 f - 2 potions of magic {unknown}
 n - 3 potions of attraction {unknown}
 o - a potion of haste
 r - a potion of might {unknown}
 s - a potion of flight {unknown}
 t - a potion of cancellation {unknown}


   Skills:
 - Level 4.0 Fighting
 + Level 1.8 Dodging
 - Level 6.0 Unarmed Combat
 - Level 2.0 Spellcasting
 - Level 5.0 Transmutations


You had 4 spell levels left.
You knew the following spells:

 Your Spells              Type           Power      Damage    Failure   Level
a - Beastly Appendage     Tmut           32%        N/A       10%         1
b - Wereblood             Tmut           16%        N/A       13%         2
c - Spider Form           Tmut/Pois      9%         N/A       45%         3

Your spell library contained the following spells:

 Spells                   Type           Power      Damage    Failure   Level
 Ignite Poison            Fire/Tmut/Pois 6%         N/A       56%         3
 Conjure Flame            Conj/Fire      1%         6-21      75%         3
 Ice Form                 Ice/Tmut       9%         N/A       80%         4
 Sticky Flame             Conj/Fire      1%         2d3       98%         4


Dungeon Overview and Level Annotations

Branches:
Dungeon (5/15)
 Temple: D:4-7

Altars:

Shops:
D:5 *


Innate Abilities, Weirdness & Mutations

You are a venomous arachnid creature.
You have poisonous fangs.
You are tiny and dextrous.
Your spellcasting is less reliable in this form.
Your armour is entirely melded.
You are incapable of wielding weapons or throwing items.
((You can spit globs of acid.))
((Your golden yellow scales are hard. (AC +6)))
You cannot fit into any form of body armour.
((You are cold-blooded and may be slowed by cold attacks.))
((You are resistant to acid. (rCorr)))


Message History

Unknown command.
Unknown command.
Casting: Spider Form (dangerous; 24% risk of failure)
Confirm with . or Enter, or press ? or * to list all spells.
You turn into a venomous arachnid creature.
Your +0 cloak melds into your body.
Your +0 pair of boots melds into your body.
You feel sick.
The two-headed ogre completely misses you.
The two-headed ogre closely misses you.
Unknown command.
You hit the two-headed ogre.
The two-headed ogre is poisoned.
The two-headed ogre is moderately wounded.
You feel sick.
You are no longer poisoned.
The two-headed ogre hits you with a +0 giant spiked club!!
The two-headed ogre closely misses you.
You bite the two-headed ogre!
The two-headed ogre looks as sick as possible!
The two-headed ogre is heavily wounded.
The two-headed ogre closely misses you. The two-headed ogre misses you.
You hit the two-headed ogre.
The two-headed ogre looks as sick as possible!
The two-headed ogre is heavily wounded.
You hit the two-headed ogre.
The two-headed ogre looks as sick as possible!
The two-headed ogre is heavily wounded.
The two-headed ogre completely misses you.
The two-headed ogre hits you with a +0 giant club!!
* * * LOW HITPOINT WARNING * * *
You have got your breath back.
The two-headed ogre is no longer covered in acid.
Things that are here:
a +0 giant club; an ogre corpse You hit the two-headed ogre.
The two-headed ogre looks as sick as possible!
The two-headed ogre is almost dead.
Your transformation is almost over.
The two-headed ogre hits you with a +0 giant spiked club!!
You die...

.#..##.### ..........
.#......# #.....#
....##..# #....?#
+##.....### #.....#
#.......# #.....#
#.<..(#. #.#.#.######
#.....#### #.##........#
#...[....##
##.O..#####.#
###...###...###.s...####
......###....∩.........#
............###...#.##.#
#####.##...## ##..#.# #
#....##.# ####[. #.#..#
.# ### #.#.## .#
#.#.###.# #[......#


You could see a two-headed ogre (extremely poisoned).

Vanquished Creatures
  An ogre (D:5)
  A scorpion (D:3)
  A howler monkey (D:4)
  A hound (D:4)
  Crazy Yiuf (D:2)
  A bullfrog skeleton (D:5)
  An iguana (D:5)
  Jessica (D:2)
  An orc wizard (D:5)
  Ijyb (D:3)
  Terence (D:2)
  A scorpion zombie (D:5)
  2 hound skeletons
  Robin (D:2)
  6 adders
  An adder skeleton (D:4)
  2 worms (D:2)
  2 dart slugs (D:1)
  3 orcs (D:5)
  14 ball pythons
  5 bats
  5 endoplasms
  A giant cockroach (D:1)
  13 goblins
  10 hobgoblins
  4 jackals (D:1)
  A quokka (D:4)
  6 frilled lizards
  6 kobolds
  8 rats
102 creatures vanquished.

Vanquished Creatures (others)
  15 fungi (D:5)
15 creatures vanquished.

Grand Total: 117 creatures vanquished

Notes
Turn   | Place    | Note
-------+----------+-------------------------------------------
     0 | D:1      | MisterFreud the Draconian Transmuter began the quest for
                  | the Orb.
     0 | D:1      | Reached XP level 1. HP: 16/16 MP: 3/3
   195 | D:1      | Reached XP level 2. HP: 5/23 MP: 3/5
   195 | D:1      | HP: 1/23 [hobgoblin (4)]
  1071 | D:1      | Reached XP level 3. HP: 28/28 MP: 6/6
  1494 | D:1      | Learned a level 2 spell: Wereblood
  1498 | D:1      | Learned a level 3 spell: Spider Form
  1744 | D:2      | Noticed Terence
  1754 | D:2      | Killed Terence
  1755 | D:2      | Reached XP level 4. HP: 22/35 MP: 5/7
  2325 | D:2      | Noticed Jessica
  2332 | D:2      | Killed Jessica
  2585 | D:2      | Reached skill level 5 in Transmutations
  2936 | D:2      | Found a runed translucent door.
  2937 | D:2      | Noticed Crazy Yiuf
  3001 | D:2      | Noticed Robin
  3005 | D:2      | Killed Robin
  3006 | D:2      | Reached XP level 5. HP: 34/41 MP: 4/8
  3143 | D:2      | Killed Crazy Yiuf
  3611 | D:3      | Found a faded altar of an unknown god.
  3736 | D:3      | Noticed Ijyb
  3754 | D:3      | Killed Ijyb
  4384 | D:4      | Reached XP level 6. HP: 38/52 MP: 9/9
  4698 | D:4      | Reached skill level 4 in Unarmed Combat
  5388 | D:5      | Entered Level 5 of the Dungeon
  5589 | D:5      | Reached skill level 5 in Unarmed Combat
  5713 | D:5      | Noticed a two-headed ogre
  5923 | D:5      | Found Tuorituy's Neck Hole.
  5969 | D:5      | Your scales start taking on a golden yellow colour.
  5969 | D:5      | Reached XP level 7. HP: 49/59 MP: 8/10
  5969 | D:5      | Gained mutation: You are resistant to acid. (rCorr) [Yellow
                  | Draconian growth]
  6013 | D:5      | Reached skill level 6 in Unarmed Combat
  6204 | D:5      | Mangled by a two-headed ogre

Illustrated notes

Levels and vault maps discovered:
D:1:      ncdulo_halloftheorcs, layout_basic, grunt_decor_fettered,
          nicolae_concentric_dashed_squares_mild, st_stairs_13,
          minmay_heptomino_d4
D:2:      layout_loops_corners, uniq_robin, uniq_jessica,
          uniq_crazy_yiuf_cottage, uniq_terence
D:3:      minmay_evil_eye, layout_basic, nicolae_ecumenical_snake_handling,
          minmay_misc_feat_ornament, kennysheep_doodads, uniq_ijyb
D:4:      layout_gridville, chequers_serial_rivers_large_a
D:5:      wad_pebble_path, layout_loops_cross, general_overflow_altar,
          nicolae_uskayaw_dance_hall, serial_aquarium, aquarium_bridge_square
          [aquarium_subvault_bridge, aquarium_subvault_window,
          aquarium_subvault_wall, aquarium_subvault_balcony],
          aquarium_bridge_square [aquarium_subvault_wall,
          aquarium_subvault_wall, aquarium_subvault_window,
          aquarium_subvault_bridge], aquarium_window_1, aquarium_window_corner,
          aquarium_view_2f, aquarium_view_2c, nicolae_shop_sticking_my_neck_out,
          uniq_eustachio, uniq_menkaure

Skill      XL: |  1  2  3  4  5  6  7 |
---------------+----------------------+-----
Transmutations | 3 4 5 |  5.0
Fighting       | 2 4 |  4.0
Unarmed Combat | 5 6 |  6.0
Dodging        | |  1.8
Spellcasting   | |  2.0

Action                   |  1- 3 |  4- 6 |  7- 9 || total
-------------------------+-------+-------+-------++-------
Melee: Unarmed           |    92 |   270 |     8 ||   370
       Headbutt          |    12 |    10 |       ||    22
       Kick              |    11 |    10 |       ||    21
       Tailslap          |     7 |    22 |       ||    29
       Punch             |       |     6 |       ||     6
 Cast: Beastly Appendage |    20 |    20 |       ||    40
       Spider Form       |       |     9 |     2 ||    11
 Abil: End Transformatio |       |     1 |       ||     1
       Breathe Acid      |       |       |     2 ||     2
  Use: Potion            |       |     1 |       ||     1
 Stab: Sleeping          |     1 |     3 |       ||     4
Armor: Skin              |    25 |    80 |       ||   105
Dodge: Dodged            |    50 |   169 |     6 ||   225
